 Dungeon Sprint DCSS version 0.29.1-12-g30fa7ad0bf (webtiles) character file.

Game seed: 2031901015464503980

8572 boopmooplesden the Impaler (level 11, -9/118 HPs)
             Began as a Minotaur Berserker on Dec 15, 2022.
             Was the Champion of Trog.
             Mangled by an ettin
             ... wielding a +0 dire flail
              (30 damage)
             ... in the Dungeon (Sprint IX: "|||||||||||||||||||||||||||||").
             The game lasted 00:03:10 (1377 turns).

boopmooplesden the Impaler (Minotaur Berserker)     Turns: 1377, Time: 00:03:11

Health: -9/118     AC: 17    Str: 29    XL:     11   Next: 11%
Magic:  3/3        EV: 12    Int:  7    God:    Trog [******]
Gold:   32         SH:  0    Dex: 10    Spells: 10/10 levels left

rFire   . . .      SeeInvis .   q - +3 glaive (antimagic)
rCold   . . .      Faith    .   (shield currently unavailable)
rNeg    . . .      Spirit   .   n - +1 chain mail
rPois   .          Reflect  .   (helmet restricted)
rElec   .          Harm     .   l - +0 cloak
rCorr   .          Rampage  .   m - +0 pair of gloves
Will    .....      NoTele   +   (no boots)
Stlth   ..........              (no amulet)
HPRegen 0.29/turn               p - +3 ring of strength
MPRegen 0.08/turn               o - +3 ring of intelligence

@: on berserk cooldown, slowed, very slow
A: horns 2, retaliatory headbutt
a: Renounce Religion, Berserk, Trog's Hand, Brothers in Arms


You were in the Dungeon.
You worshipped Trog.
Trog was exalted by your worship.
You visited 1 branch You collected 32 gold pieces.

Inventory:

Hand Weapons
 a - a +0 spear
 h - a +1 battleaxe
 k - a +2 halberd of protection
 q - a +3 antimagic glaive (weapon)
Armour
 b - a +0 animal skin
 l - a +0 cloak (worn)
 m - a +0 pair of gloves (worn)
 n - a +1 chain mail (worn)
Jewellery
 o - a +3 ring of intelligence (right hand)
 p - a +3 ring of strength (left hand)
Wands
 j - a wand of acid (10)
 x - a wand of mindburst (19)
Scrolls
 u - 4 scrolls of fog
 v - 2 scrolls of enchant weapon
 w - a scroll of fear
Potions
 c - 8 potions of curing
 e - a potion of haste
 f - 4 potions of magic
 g - a potion of berserk rage
 i - a potion of invisibility
 r - a potion of resistance
 s - a potion of might
 t - a potion of cancellation


   Skills:
 + Level 17.6 Fighting
 + Level 20.4 Polearms
 + Level 14.7 Armour
 + Level 9.6 Dodging
 + Level 2.9 Stealth


You had 10 spell levels left.
You didn't know any spells.
Your spell library was empty.

Dungeon Overview and Level Annotations

Branches:
Dungeon (1/1)

Altars:
Cheibriados
Dithmenos
Elyvilon
Fedhas
Gozag
Hepliaklqana
Kikubaaqudgha
Makhleb
Nemelex Xobeh
Okawaru
Qazlal
Ru
Sif Muna
Trog
Uskayaw
Vehumet
Wu Jian
Xom
Yredelemnul
Zin
The Shining One
Jiyva
Lugonu


Innate Abilities, Weirdness & Mutations

You have a pair of horns on your head.
You reflexively headbutt those who attack you in melee.


Message History

Beogh smites you!
You closely miss the orc high priest.
The orc high priest is almost dead.
The neqoxec hits you but does no damage.
The orc sorcerer casts a spell.
The orc high priest invokes the aid of Beogh against you.
You struggle to resist.
You slice the orc high priest!!
You kill the orc high priest!
Trog accepts your kill.
The neqoxec disappears in a puff of smoke!
You have reached level 11!
You completely miss the orc sorcerer.
The orc sorcerer hits you but does no damage.
You barely miss the orc sorcerer. You headbutt the orc sorcerer.
The orc sorcerer is lightly wounded.
The orc sorcerer hits you but does no damage.
You slice the orc sorcerer!!
The orc sorcerer's magic leaks into the air.
The orc sorcerer is almost dead.
The orc sorcerer closely misses you. You furiously retaliate!
You headbutt the orc sorcerer, but do no damage.
You barely miss the orc sorcerer.
The orc sorcerer is almost dead.
The orc sorcerer barely misses you.
You barely miss the orc sorcerer.
The orc sorcerer is almost dead.
The orc sorcerer hits you but does no damage.
You slice the orc sorcerer!!
You kill the orc sorcerer!
Trog accepts your kill.
Trog appreciates your killing of a magic user.
You slash the ettin!
The ettin is lightly wounded.
The ettin hits you with a +0 dire flail.
The ettin hits you with a +0 dire flail!!
* * * LOW HITPOINT WARNING * * *
Your stone giant goes berserk!
The ettin hits you with a +0 dire flail!!
You die...

▓.▓.▓.▓_▓
▓.▓.▓.▓.▓_▓
▓.▓.▓.▓.▓_▓
▓o▓.▓.▓.▓_▓
▓o▓.▓†▓.▓_▓
▓o▓.▓)▓.▓_▓
▓o▓.▓.▓.▓_▓
▓C▓.▓†▓.▓_▓
▓@▓.▓.▓.▓_▓
▓C▓.▓†▓.▓_▓
▓)▓.▓.▓.▓'▓
▓)▓.▓.▓.▓.▓
▓)▓.▓[▓.▓.▓
▓'▓.▓.▓.▓.▓
▓.▓.▓.▓.▓)▓
▓.▓.▓.▓.▓†▓
▓.▓.▓.▓.▓'▓


You could see an ettin (ally target), an orc priest, an orc wizard, 2 orcs and a
friendly stone giant (summoned, berserk).

Vanquished Creatures
  2 hydras (D)
  A two-headed ogre (D)
  A tengu warrior (D)
  An orc high priest (D)
  A cyclops (D)
  An orc sorcerer (D)
  A black mamba (D)
  4 cane toads (D)
  2 rime drakes (D)
  A troll (D)
  2 shadows (D)
  2 yaks (D)
  A basilisk (D)
  A vampire mosquito (D)
  2 wargs (D)
  2 water moccasins (D)
  A black bear (D)
  7 wolves (D)
  A scorpion (D)
  2 bullfrogs (D)
  A howler monkey (D)
  An orc priest (D)
  4 orc wizards (D)
  A dart slug (D)
  4 orcs (D)
  A jackal (D)
  2 kobolds (D)
  A quokka (D)
  2 ball pythons (D)
53 creatures vanquished.

Vanquished Creatures (collateral kills)
  A blink frog (D)
  A yak (D)
  A water moccasin (D)
3 creatures vanquished.

Grand Total: 56 creatures vanquished

Notes
Turn   | Place    | Note
-------+----------+-------------------------------------------
     0 | D        | boopmooplesden the Minotaur Berserker began the quest for
                  | the Orb.
     0 | D        | Reached XP level 1. HP: 19/19 MP: 0/0
     7 | D        | Reached skill level 4 in Polearms
     9 | D        | Reached ** piety under Trog
   114 | D        | Noticed a howler monkey
   114 | D        | Noticed a scorpion
   117 | D        | Killed a scorpion
   117 | D        | Reached *** piety under Trog
   118 | D        | Reached skill level 6 in Polearms
   118 | D        | Reached XP level 2. HP: 31/31 MP: 1/1
   118 | D        | Reached XP level 3. HP: 38/38 MP: 2/2
   118 | D        | Reached XP level 4. HP: 45/45 MP: 3/3
   123 | D        | Reached skill level 7 in Polearms
   130 | D        | Found a snail-covered altar of Cheibriados.
   130 | D        | Found a shadowy altar of Dithmenos.
   130 | D        | Found a white marble altar of Elyvilon.
   130 | D        | Found a blossoming altar of Fedhas.
   130 | D        | Found an opulent altar of Gozag.
   131 | D        | Found a hazy altar of Hepliaklqana.
   132 | D        | Found a viscous altar of Jiyva.
   133 | D        | Found an ancient bone altar of Kikubaaqudgha.
   134 | D        | Found a corrupted altar of Lugonu.
   135 | D        | Found a burning altar of Makhleb.
   136 | D        | Found a sparkling altar of Nemelex Xobeh.
   137 | D        | Found an iron altar of Okawaru.
   138 | D        | Found a stormy altar of Qazlal.
   139 | D        | Found a sacrificial altar of Ru.
   140 | D        | Found a shimmering blue altar of Sif Muna.
   141 | D        | Found a bloodstained altar of Trog.
   142 | D        | Found a hide-covered altar of Uskayaw.
   143 | D        | Found a radiant altar of Vehumet.
   144 | D        | Found an ornate altar of the Wu Jian Council.
   145 | D        | Found a shimmering altar of Xom.
   146 | D        | Found a basalt altar of Yredelemnul.
   147 | D        | Found a glowing silver altar of Zin.
   148 | D        | Found a glowing golden altar of the Shining One.
   199 | D        | Noticed a yak
   199 | D        | Noticed a troll
   199 | D        | Noticed a two-headed ogre
   199 | D        | Noticed a shadow
   199 | D        | Noticed a shadow
   202 | D        | Killed a shadow
   202 | D        | Reached **** piety under Trog
   203 | D        | Reached skill level 10 in Polearms
   203 | D        | Reached skill level 5 in Armour
   203 | D        | Reached skill level 5 in Dodging
   203 | D        | Reached skill level 1 in Stealth
   203 | D        | Reached XP level 5. HP: 57/57 MP: 4/4
   203 | D        | Reached XP level 6. HP: 64/64 MP: 5/5
   208 | D        | Killed a shadow
   209 | D        | Reached skill level 10 in Fighting
   209 | D        | Reached skill level 11 in Polearms
   211 | D        | Killed a two-headed ogre
   212 | D        | Reached skill level 13 in Polearms
   212 | D        | Reached XP level 7. HP: 78/78 MP: 6/6
   212 | D        | Reached XP level 8. HP: 85/85 MP: 7/7
   221 | D        | Killed a troll
   222 | D        | Reached skill level 14 in Polearms
   260 | D        | Noticed a tengu warrior
   260 | D        | Noticed a cyclops
   260 | D        | Noticed a four-headed hydra
   311 | D        | Killed a nine-headed hydra
   312 | D        | Reached skill level 15 in Polearms
   312 | D        | Reached XP level 9. HP: 95/95 MP: 8/8
   314 | D        | Reached ***** piety under Trog
   330 | D        | Killed a cyclops
   331 | D        | Reached skill level 16 in Polearms
   332 | D        | Received a gift from Trog
   333 | D        | Reached skill level 15 in Fighting
   341 | D        | HP: 1/97 [tengu warrior/+2 battleaxe (19)]
   342 | D        | Killed a tengu warrior
   343 | D        | Reached skill level 17 in Polearms
   343 | D        | Reached skill level 10 in Armour
   803 | D        | Noticed a cane toad
   803 | D        | Noticed a rime drake
   803 | D        | Noticed a five-headed hydra
   812 | D        | Killed a ten-headed hydra
   813 | D        | Reached XP level 10. HP: 107/107 MP: 3/9
   820 | D        | Reached skill level 18 in Polearms
   830 | D        | Killed a cane toad
   830 | D        | Received a gift from Trog
  1023 | D        | Noticed a cane toad
  1023 | D        | Noticed a cane toad
  1026 | D        | Noticed a cane toad
  1028 | D        | Killed a cane toad
  1032 | D        | Reached skill level 19 in Polearms
  1039 | D        | Noticed a black mamba
  1039 | D        | Killed a cane toad
  1042 | D        | Killed a cane toad
  1045 | D        | Killed a black mamba
  1204 | D        | Reached ****** piety under Trog
  1206 | D        | Received a gift from Trog
  1219 | D        | Reached skill level 20 in Polearms
  1341 | D        | Noticed an orc high priest
  1350 | D        | Noticed an orc sorcerer
  1354 | D        | Noticed an ettin
  1357 | D        | Received a gift from Trog
  1369 | D        | Killed an orc high priest
  1370 | D        | Reached XP level 11. HP: 39/117 MP: 3/10
  1375 | D        | Killed an orc sorcerer
  1377 | D        | Mangled by an ettin

Illustrated notes

Levels and vault maps discovered:
D:        linesprint [early_d, line_temple, items_1, d_10, items_2, lair_1,
          lair_end, items_3, orc_1, orc_end, items_4, d_15, swamp_1, shoals_1,
          snake_1, spider_1, d_20, vaults_1, items_5, swamp_end, shoals_end,
          snake_end, spider_end, vaults_end, d_27, items_6, zot_1, zot_end,
          crypt_end, forest_end, elf_end, slime_end, tomb_end, abyss_end,
          pan_hell_end]

Skill      XL: |  1  2  3  4  5  6  7  8  9 10 |
---------------+-------------------------------+-----
Fighting       | 6 9 12 14 15 17 | 17.6
Polearms       | 6 10 13 15 17 20 | 20.4
Armour         | 3 5 7 9 11 14 | 14.7
Dodging        | 3 5 7 8 9 |  9.6
Stealth        | 1 2 |  2.9

Action                   |  1- 3 |  4- 6 |  7- 9 | 10-12 || total
-------------------------+-------+-------+-------+-------++-------
Melee: Spear             |    13 |     6 |       |       ||    19
       Headbutt          |     2 |     3 |     9 |    11 ||    25
       Halberd           |       |    11 |    38 |       ||    49
       Glaive            |       |       |     8 |    85 ||    93
Invok: Berserk           |     1 |     1 |     2 |     3 ||     7
       Brothers in Arms  |       |       |       |     2 ||     2
       Trog's Hand       |       |       |       |     1 ||     1
  Use: Scroll            |       |       |     1 |     1 ||     2
       Potion            |       |       |       |     3 ||     3
Armor: Animal skin       |     1 |       |       |       ||     1
       Chain mail        |       |     2 |    42 |    39 ||    83
Dodge: Dodged            |     4 |     4 |    27 |    36 ||    71
